 Dungeon Crawl Stone Soup version 0.20.1-1-g8b1a95d (webtiles) character file.

104 Berahthraban the Conjurer (level 5, -1/35 HPs)
             Began as a Human Conjurer on Aug 16, 2017.
             Killed from afar by a dart slug (5 damage)
             ... with a slug dart
             ... on level 2 of the Dungeon.
             The game lasted 00:08:45 (1251 turns).

Berahthraban the Conjurer (Human Conjurer)          Turns: 1251, Time: 00:08:45

Health: -1/35      AC:  2    Str:  8    XL:     5   Next: 7%
Magic:  0/9        EV: 13    Int: 17    God:
Gold:   75         SH:  0    Dex: 13    Spells: 7/10 levels left

rFire    . . .     SeeInvis .   i - +0 short sword
rCold    . . .     Gourm    .   (no shield)
rNeg     . . .     Faith    .   a - +0 robe
rPois    .         Spirit   .   (no helmet)
rElec    .         Reflect  .   (no cloak)
rCorr    .         Harm     .   (no gloves)
MR       .....                  (no boots)
Stlth    ++........             (no amulet)
Regen    0.2/turn               (no ring)
MPRegen  0.2/turn               (no ring)

@: no status effects
A: no striking features
a: no special abilities


You were on level 2 of the Dungeon.
You were not hungry.

You visited 1 branch of the dungeon, and saw 2 of its levels.

You collected 75 gold pieces.

Inventory:

Hand Weapons
 i - a +0 short sword (weapon)
Armour
 a - a +0 robe (worn)
 g - a +2 buckler
Scrolls
 e - a scroll of teleportation {unknown}
 h - a scroll of magic mapping {unknown}
 n - a scroll of enchant armour {unknown}
Potions
 d - 2 potions of invisibility {unknown}
 f - a potion of curing {unknown}
 j - a potion of flight {unknown}
 m - a potion of lignification {unknown}
Books
 b - a book of Conjurations

   Spells                             Type                      Level
   a - Magic Dart                     Conjuration                  1
   b - Searing Ray                    Conjuration                  2
   c - Dazzling Spray                 Conjuration/Hexes            3
   d - Fulminant Prism                Conjuration/Hexes            4
   e - Force Lance                    Conjuration/Translocation    4
   f - Iskenderun's Mystic Blast      Conjuration                  4
Comestibles
 c - a bread ration
 k - a fruit
 l - 2 chunks of flesh


   Skills:
 * Level 3.0 Dodging
 + Level 2.8 Stealth
 * Level 3.1 Spellcasting
 + Level 4.3 Conjurations


You had 7 spell levels left.
You knew the following spells:

 Your Spells              Type           Power        Failure   Level  Hunger
a - Magic Dart            Conj           ###.         3%          1    None
b - Searing Ray           Conj           ###...       4%          2    ##.....


Dungeon Overview and Level Annotations

Branches:
Dungeon (2/15)

Altars:

Annotations:
D:1 cleared
D:2 Robin


Message History

You start resting.
Casting: Searing Ray
Confirm with . or Enter, or press ? or * to list all spells.
Aiming: Magic Dart
Press: ? - help, Shift-Dir - straight line, f - dart slug
Aim: a dart slug (clinging)
The magic dart hits the dart slug.
The dart slug is heavily wounded.
Casting: Magic Dart
Confirm with . or Enter, or press ? or * to list all spells.
Aiming: Magic Dart
Press: ? - help, Shift-Dir - straight line, f/p - dart slug
Aim: a dart slug (heavily wounded, clinging)
The magic dart hits the dart slug.
The dart slug is severely wounded.
You barely miss the dart slug.
The dart slug is severely wounded.
The dart slug launches a dart at you. The slug dart hits you!
You die...

#....>.#########.####
#.#g##.#............
#.#.##.#.######..###
#.#)##.#.###.......#
#.#.....w).).#.....###.#
#.####.#.######.).......
#......#)# #..#####.#
########.######..#
#.....@w..#####.#
########........#
##.####### #.# #.# #.#
#.### #...#####
##############.#......


You could see a dart slug.

Vanquished Creatures
  Jessica (D:2)
  Terence (D:2)
  2 oozes (D:1)
  2 leopard geckos (D:2)
  7 bats (D:1)
  2 giant cockroaches (D:1)
  14 goblins
  3 hobgoblins (D:2)
  5 kobolds (D:1)
  2 frilled lizards
  A rat (D:1)
40 creatures vanquished.

Notes
Turn   | Place    | Note
-------+----------+-------------------------------------------
     0 | D:1      | Berahthraban the Human Conjurer began the quest for the Orb.
     0 | D:1      | Reached XP level 1. HP: 13/13 MP: 3/3
   227 | D:1      | Reached XP level 2. HP: 13/19 MP: 1/5
   231 | D:1      | Learned a level 2 spell: Searing Ray
   529 | D:1      | Reached XP level 3. HP: 14/24 MP: 3/6
   824 | D:2      | Noticed Terence
   832 | D:2      | Killed Terence
   832 | D:2      | Reached XP level 4. HP: 30/30 MP: 3/8
  1148 | D:2      | Noticed Jessica
  1152 | D:2      | Killed Jessica
  1193 | D:2      | Noticed Robin
  1205 | D:2      | Reached XP level 5. HP: 17/35 MP: 9/9
  1251 | D:2      | Killed from afar by a dart slug

Skill      XL: |  1  2  3  4 |
---------------+-------------+-----
Dodging        | 3 |  3.0
Spellcasting   | 3 |  3.1
Stealth        | |  2.8
Conjurations   | |  4.3

Action                   |  1- 3 |  4- 6 || total
-------------------------+-------+-------++-------
Melee: Unarmed           |    32 |       ||    32
       Short sword       |    12 |    17 ||    29
 Cast: Magic Dart        |    21 |     8 ||    29
       Searing Ray       |     6 |     5 ||    11
 Stab: Sleeping          |     2 |       ||     2
       Distracted        |       |     1 ||     1
  Eat: Chunk             |       |     2 ||     2
Armor: Robe              |    11 |     4 ||    15
Dodge: Dodged            |    49 |    13 ||    62
